 Dungeon Crawl Stone Soup version 0.30-a0-622-gddc90eaa04 (webtiles) character file.

Game seed: 11862090968789319934

139 avis the Grasshopper (level 4, 0/38 HPs)
             Began as a Demigod Warper on Jan 11, 2023.
             Killed by divine providence
             ... invoked by an orc priest
              (12 damage)
             ... on level 3 of the Dungeon.
             The game lasted 00:21:55 (2870 turns).

avis the Grasshopper (Demigod Warper)               Turns: 2870, Time: 00:21:55

Health: 0/38       AC:  4    Str: 12    XL:     4   Next: 70%
Magic:  9/9        EV: 12    Int: 15    God:
Gold:   110        SH:  0    Dex: 17    Spells: 5/7 levels left

rFire   . . .      SeeInvis +    a - +2 dagger (speed)
rCold   . . .      Faith    .    (no shield)
rNeg    . . .      Spirit   .    e - +0 leather armour
rPois   .          Reflect  .    (no helmet)
rElec   .          Harm     .    (no cloak)
rCorr   .          Rampage  .    s - +0 pair of gloves
Will    .....                    (no boots)
Stlth   +                        (no amulet)
HPRegen 0.26/turn                j - ring of see invisible
MPRegen 0.11/turn                (no ring)

@: no status effects
A: high MP 1, forlorn, divine attributes
a: no special abilities


You were on level 3 of the Dungeon.
You visited 1 branch of the dungeon, and saw 4 of its levels.

You collected 110 gold pieces.

Inventory:

Hand Weapons
 a - a +2 dagger of speed (weapon)
 b - a +0 sling
 c - a +1 short sword of speed
 w - a +0 falchion
 y - a +2 mace of protection
Missiles
 d - 5 boomerangs of dispersal (quivered)
 g - a datura-tipped dart
 r - 14 poisoned darts
Armour
 e - a +0 leather armour (worn)
 q - a +0 chain mail
 s - a +0 pair of gloves (worn)
 x - an orb of mayhem
Jewellery
 j - a ring of see invisible (left hand)
Wands
 B - a wand of polymorph (12)
Scrolls
 h - 3 scrolls of teleportation {unknown}
 k - 2 scrolls of enchant weapon {unknown}
 m - 4 scrolls of identify {unknown}
 n - a scroll of noise {unknown}
 p - a scroll of amnesia {unknown}
 u - a scroll of vulnerability {unknown}
 v - a scroll of enchant armour {unknown}
 A - a scroll of poison {unknown}
 C - a scroll of blinking
Potions
 f - a potion of invisibility {unknown}
 i - 4 potions of curing {unknown}
 l - 3 potions of mutation {unknown}
 o - a potion of haste {unknown}
 t - 2 potions of degeneration {unknown}
 z - a potion of attraction {unknown}


   Skills:
 - Level 3.0 Fighting
 - Level 3.0 Long Blades
 - Level 0.8 Throwing
 - Level 0.8 Armour
 * Level 2.8 Dodging
 - Level 2.0 Spellcasting
 - Level 3.0 Translocations


You had 5 spell levels left.
You knew the following spells:

 Your Spells              Type           Power      Damage    Failure   Level
b - Blink                 Tloc           20%        N/A       12%         2

Your spell library contained the following spells:

 Spells                   Type           Power      Damage    Failure   Level
 Lesser Beckoning         Tloc           20%        N/A       24%         3
 Teleport Other           Tloc           10%        N/A       24%         3
 Cigotuvi's Dreadful Rot  Necr/Pois/Air  2%         N/A       38%         2
 Poisonous Vapours        Pois/Air       2%         N/A       38%         2
 Vhi's Electric Charge    Tloc/Air       12%        N/A       41%         3
 Mephitic Cloud           Conj/Pois/Air  1%         N/A       63%         3
 Manifold Assault         Tloc           10%        N/A       63%         4


Dungeon Overview and Level Annotations

Branches:
Dungeon (4/15)
 Temple: D:4-7


Innate Abilities, Weirdness & Mutations

You have an increased reservoir of magic. (+10% MP)
You shall have no god before yourself.
Your divine heritage dramatically boosts your attributes as you level up.


Message History

The orc priest calls down the wrath of Beogh upon you.
Beogh smites you!
There is a stone staircase leading up here.
You climb upwards.
There is a stone staircase leading down here.
You start resting.
HP restored.
You climb downwards.
The orc priest miscasts a cantrip.
There is a stone staircase leading up here.
The orc priest invokes the aid of Beogh against you.
Beogh smites you!
You climb upwards.
There is a stone staircase leading down here.
You hit the orc priest.
The orc priest is lightly wounded.
You completely miss the orc priest.
The orc priest is lightly wounded.
The orc priest hits you with a +1 heavy flail!
You barely miss the orc priest.
The orc priest is lightly wounded.
You barely miss the orc priest.
The orc priest is lightly wounded.
You hit the orc priest.
The orc priest is moderately wounded.
The orc priest closely misses you.
You hit the orc priest.
The orc priest is moderately wounded.
You hit the orc priest.
The orc priest is moderately wounded.
You barely miss the orc priest.
The orc priest is moderately wounded.
The orc priest hits you with a +1 heavy flail.
You barely miss the orc priest.
The orc priest is moderately wounded.
You closely miss the orc priest.
The orc priest is moderately wounded.
The orc priest calls down the wrath of Beogh upon you.
Beogh smites you!
You die...

......# #.### #######.###≈~☼
......# #...# #..##≈~.
......# ###.# ##...≈≈~
.....<# #.## ###.#≈§ ......#
#..## #..## ......### ##..###
##..# ###.....### ##...# ##..
#####...# ###.# ##. ###.##
#@#### #. #..### #o...#######
#) ##...######.#.....# #.
###########...####.#.###.# #÷
#....................###.##
#.
##############.#..........###
#. #........##....###.
###########.##.....
##########.#######


You could see an orc priest.

Vanquished Creatures
  Jessica (D:1)
  A gnoll (D:1)
  3 adders
  A worm (D:2)
  2 dart slugs (D:3)
  3 orcs (D:3)
  5 ball pythons
  3 endoplasms
  4 giant cockroaches
  7 goblins
  5 hobgoblins
  5 jackals
  4 quokkas
  5 bats
  5 frilled lizards
  4 kobolds
  6 rats
64 creatures vanquished.

Vanquished Creatures (others)
  A hobgoblin (D:3)
  A rat (D:3)
2 creatures vanquished.

Grand Total: 66 creatures vanquished

Notes
Turn   | Place    | Note
-------+----------+-------------------------------------------
     0 | D:1      | avis the Demigod Warper began the quest for the Orb.
     0 | D:1      | Reached XP level 1. HP: 17/17 MP: 5/5
   487 | D:1      | Reached XP level 2. HP: 24/24 MP: 7/7
   549 | D:1      | Learned a level 2 spell: Blink
  1024 | D:2      | Noticed Jessica
  1063 | D:1      | Killed Jessica
  1064 | D:1      | Reached XP level 3. HP: 25/31 MP: 8/8
  1524 | D:2      | Reached XP level 4. HP: 30/38 MP: 9/9
  2870 | D:3      | Killed from afar by an orc priest

Illustrated notes

Levels and vault maps discovered:
D:1:      amcnicky_arrival_wind_blow, layout_loops_corners,
          dreamdust_mushroom_princess
D:2:      layout_loops_cross, serial_rivers, chequers_serial_rivers_small_a,
          chequers_serial_rivers_small_3, chequers_serial_rivers_micro_a,
          chequers_serial_rivers_small_a, chequers_serial_rivers_micro_b,
          minmay_heptomino_d4, uniq_jessica
D:3:      layout_rooms, xom_confusion_cloud
D:4:      layout_rooms, mainiacjoe_overflow_boulevard, marbit_many_paths,
          lemuel_temple_firewalk_b, serial_shops, nicolae_shop_window_shopping,
          nicolae_shop_overcharged_wands

Skill      XL: |  1  2  3  4 |
---------------+-------------+-----
Fighting       | 2 3 |  3.0
Long Blades    | 2 3 |  3.0
Dodging        | 2 |  2.8
Spellcasting   | 2 |  2.0
Translocations | 3 |  3.0
Throwing       | |  0.8
Armour         | |  0.8

Action                   |  1- 3 |  4- 6 || total
-------------------------+-------+-------++-------
Melee: Short sword       |    79 |       ||    79
       Falchion          |     9 |       ||     9
       Dagger            |    68 |   118 ||   186
       Punch             |     2 |     2 ||     4
 Fire: Sling             |     6 |       ||     6
Throw: Dart              |     2 |       ||     2
       Boomerang         |     2 |       ||     2
  Use: Scroll            |     1 |       ||     1
 Stab: Sleeping          |     2 |     1 ||     3
Armor: Leather armour    |    31 |    14 ||    45
Dodge: Dodged            |    62 |    43 ||   105

Table legend: (Time is in decaauts)
 A = Elapsed time spent in this place.
 B = Non-inter-level travel time spent in this place.
 C = Inter-level travel time spent in this place.
 D = Time resting spent in this place.
 E = Time spent auto-exploring this place.
 F = Levels seen in this place.
 G = Mean time per level.
                   A        B        C        D        E       F      G
               +--------+--------+--------+--------+--------+-----+--------+
         Total |   2774 |   2572 |    202 |    343 |   1488 |   4 |  693.5 |
       Dungeon |   2774 |   2572 |    202 |    343 |   1488 |   4 |  693.5 |
               +--------+--------+--------+--------+--------+-----+--------+

Top non-repeatable levels by time:
     D:1: 1128 daAuts
     D:2: 1093 daAuts
     D:3: 538 daAuts
     D:4: 13 daAuts
